AoeStats
← Taskyr

Four Lakes

509699904Analyzed
1v1 RM · 6d ago on Sep 27, 2026· 32m 25s· 2 players
Game mode
Random Map
Map size
Tiny (2 player)
Population
200
Speed
Normal
Resources
Standard
Victory
Conquest
Starting age
Dark Age
Ending age
Imperial Age
RankedLock teamsTeams togetherTeam positionsShared explorationLock speedFull tech treeHidden civsTurbo modeCheats
Victory
Defeat
🇺🇸 Slavs · United States
648
+19
🇹🇷 Goths · Türkiye
670
-17
Taskyr
6:09 Loom
11:13 Feudal Age
13:09 Man-at-Arms
13:51 Double-Bit Axe
20:02 Castle Age
18:14 Fishing Lines
19:29 Gold Mining
20:49 Squires
20:10 Long Swordsman
24:38 Husbandry
24:50 Bloodlines
28:10 Forging
28:01 Scale Mail Armor
kemal97.kilinc
4:31 Loom
11:53 Feudal Age
17:25 Castle Age
17:41 Horse Collar
19:41 Wheelbarrow
19:34 Squires
24:36 Double-Bit Axe
25:05 Fishing Lines
25:51 Crossbowman
26:48 Forging
26:28 Fletching
29:25 Hand Cart
29:52 Sanctity
29:44 Fervor
30:25 Elite Skirmisher
34:17 Imperial Age
Connection lost

Rejoining the realm…

Still unreachable

The connection could not be restored.

Session expired

The server has moved on; the page needs a fresh start.